 Dungeon Crawl Stone Soup version 0.18.1-50-g88ac8fd (webtiles) character file.

485 Dioneo the Cutter (level 7, 0/44 HPs)
             Began as a Halfling Assassin on Oct 26, 2016.
             Slain by an orc priest (5 damage)
             ... on level 4 of the Dungeon.
             The game lasted 00:11:33 (4147 turns).

Dioneo the Cutter (Halfling Assassin)               Turns: 4147, Time: 00:11:34

Health: 0/44       AC:  3    Str: 11    XL:     7   Next: 35%
Magic:  7/7        EV: 14    Int: 10    God:
Gold:   48         SH:  6    Dex: 18    Spells: 0 memorised, 6 levels left

rFire  . . .     SeeInvis .     a - +2 dagger
rCold  . . .     Gourm    .     c - +0 robe
rNeg   . . .     Faith    .     y - +0 buckler
rPois  .         Spirit   .     (no helmet)
rElec  .         Dismiss  .     d - +0 cloak
rCorr  .         Reflect  .     (no gloves)
SustAt .         Harm     .     (no boots)
MR     .....                    (no amulet)
Stlth  ++++......               (no ring)
                                (no ring)

@: not resistant to hostile enchantments, stealthy
A: mutation resistance 1
a: no special abilities


You were on level 4 of the Dungeon.
You were not hungry.

You visited 1 branch of the dungeon, and saw 4 of its levels.

You collected 48 gold pieces.

Inventory:

Hand Weapons
 a - a +2 dagger (weapon)
 b - a +0 blowgun
 q - a +0 dagger of holy wrath
 C - a +0 dagger of protection
Missiles
 e - 26 poisoned needles
 f - 2 curare-tipped needles
Armour
 c - a +0 robe (worn)
 d - a +0 cloak (worn)
 y - a +0 buckler (worn)
Jewellery
 h - an uncursed ring of protection from cold {unknown}
 s - a +3 ring of strength {unknown}
Wands
 l - a wand of polymorph (12/24)
 t - a wand of lightning (2/15)
Scrolls
 i - a scroll of remove curse {unknown}
 m - a scroll of random uselessness {unknown}
 r - a scroll of fog {unknown}
 z - a scroll of amnesia {unknown}
 A - a scroll of fear {unknown}
 D - a scroll of teleportation {unknown}
 E - a scroll of enchant weapon {unknown}
 F - a scroll of magic mapping {unknown}
Potions
 j - 2 potions of magic
 k - a potion of lignification {unknown}
 n - a potion of curing {unknown}
 o - a potion of brilliance {unknown}
 p - a potion of berserk rage {unknown}
 u - 3 potions of flight
 v - a potion of cure mutation {unknown}
 w - 2 potions of might {unknown}
 x - a potion of heal wounds {unknown}
Comestibles
 g - 3 bread rations
 B - 2 chunks of flesh


   Skills:
 - Level 1.7 Fighting
 * Level 7.3 Short Blades
 - Level 2.1 Throwing
 - Level 1.1 Dodging
 + Level 6.6 Stealth
 + Level 2.8 Shields


You had 6 spell levels left.
You didn't know any spells.

Dungeon Overview and Level Annotations

Branches:
Dungeon (4/15)
 Temple: D:4-7

Altars:
Dithmenos
Gozag
Okawaru
Pakellas
Qazlal
Ru
Vehumet
Xom


Innate Abilities, Weirdness & Mutations

You are small and have problems with some larger weapons.
You are somewhat resistant to further mutation.


Message History

Firing (i - inventory. (,) - cycle):
e - 28 poisoned needles (quivered)
Press: ? - help, Shift-Dir - straight line, f/p - orc priest
Aim: an orc priest (heavily wounded, poisoned)
You shoot a poisoned needle.
The poisoned needle hits the orc priest.
The orc priest is heavily wounded.
The orc priest calls down the wrath of Beogh upon you.
Beogh smites you!
* * * LOW HITPOINT WARNING * * *
Firing (i - inventory. (,) - cycle):
e - 27 poisoned needles (quivered)
Press: ? - help, Shift-Dir - straight line, f/p - orc priest
Aim: an orc priest (heavily wounded, poisoned)
You shoot a poisoned needle.
The poisoned needle hits the orc priest.
The orc priest looks even sicker.
The orc priest is heavily wounded.
Wield which item (- for none, * to show all)? (? for menu, Esc to quit)
a - a +2 dagger (weapon)
The orc priest hits you.
You die...

#.#
##.#.#..........#
##.#
#.......#..#######.#
#..# #>#.....#..#
#.## #..........###
#.# #............#
#.# #............#
#.# #.......[.##.#
#.#
#.........##.#####.#
#.#
#....@o(..((#......#
#.#
#..#...#####(#######
#.# #..#####
#......#
#.#######..#
#.####(#
#..........# #.# #.#
#########..######
#.# #O# #........
..# #o# #..######
#.# #(# #..# #.# #(#


You could see an orc priest.

Vanquished Creatures
  2 ogres (D:4)
  A centaur skeleton (D:4)
  A hound (D:4)
  An orc wizard (D:4)
  Jessica (D:2)
  2 worker ants (D:4)
  5 adders
  An ooze (D:1)
  3 worms
  2 dart slugs
  4 giant geckos
  12 orcs
  8 bats
  6 giant cockroaches
  7 goblins
  7 hobgoblins
  4 jackals (D:2)
  5 quokkas
  2 ball pythons
  A giant gecko skeleton (D:4)
  4 giant newts
  5 kobolds
  A rat (D:3)
85 creatures vanquished.

Notes
Turn   | Place    | Note
--------------------------------------------------------------
     0 | D:1      | Dioneo the Halfling Assassin began the quest for the Orb.
     0 | D:1      | Reached XP level 1. HP: 14/14 MP: 1/1
    40 | D:1      | Reached skill level 3 in Short Blades
   395 | D:1      | Reached XP level 2. HP: 19/19 MP: 2/2
   749 | D:1      | Reached skill level 5 in Stealth
   749 | D:1      | Reached XP level 3. HP: 13/24 MP: 3/3
  1017 | D:2      | Reached skill level 4 in Short Blades
  1176 | D:2      | Noticed Jessica
  1187 | D:2      | Killed Jessica
  1187 | D:2      | Reached XP level 4. HP: 27/29 MP: 4/4
  1482 | D:2      | Reached skill level 5 in Short Blades
  1509 | D:2      | Reached XP level 5. HP: 34/34 MP: 5/5
  2589 | D:3      | Found an opulent altar of Gozag.
  2596 | D:3      | Found a radiant altar of Vehumet.
  2596 | D:3      | Found an iron altar of Okawaru.
  2597 | D:3      | Found an oddly glowing altar of Pakellas.
  2608 | D:3      | Found a shadowy altar of Dithmenos.
  2609 | D:3      | Found a shimmering altar of Xom.
  2790 | D:4      | Noticed an ogre
  2841 | D:4      | Killed an ogre
  2841 | D:4      | Reached skill level 6 in Short Blades
  2841 | D:4      | Reached skill level 1 in Shields
  2841 | D:4      | Reached XP level 6. HP: 21/39 MP: 6/6
  3135 | D:4      | Found a stormy altar of Qazlal.
  4014 | D:4      | Found a sacrificial altar of Ru.
  4108 | D:4      | Reached XP level 7. HP: 28/44 MP: 7/7
  4139 | D:4      | Reached skill level 7 in Short Blades
  4147 | D:4      | Slain by an orc priest

Skill      XL: |  1  2  3  4  5  6  7 |
---------------+----------------------+-----
Short Blades   | 3 4 5 6 7 |  7.3
Stealth        | 5 6 |  6.6
Shields        | 1 2 |  2.8
Fighting       | |  1.7
Throwing       | |  2.1
Dodging        | |  1.1

Action                   |  1- 3 |  4- 6 |  7- 9 || total
-------------------------+-------+-------+-------++-------
Melee: Dagger            |    53 |   259 |     7 ||   319
 Fire: Blowgun           |     7 |    40 |    12 ||    59
  Use: Scroll            |       |     2 |       ||     2
 Stab: Sleeping          |     7 |    14 |       ||    21
       Distracted        |       |     1 |       ||     1
  Eat: Chunk             |       |     5 |       ||     5
       Meat ration       |       |     1 |       ||     1
Armor: Robe              |     2 |    32 |     3 ||    37
Dodge: Dodged            |    30 |   100 |     6 ||   136
Block: Buckler           |       |    26 |     3 ||    29
